 Dungeon Crawl Stone Soup version 0.29-a0-330-g52719c12eb (webtiles) character file.

Game seed: 10848927073305843894

558 gruber the Conjurer (level 7, -5/36 HPs)
             Began as a Deep Elf Conjurer on May 2, 2022.
             Slain by a lemure (8 damage)
             ... led by Pikel
             ... on level 4 of the Dungeon.
             The game lasted 00:08:00 (4545 turns).

gruber the Conjurer (Deep Elf Conjurer)             Turns: 4545, Time: 00:08:01

Health: -5/36      AC:  5    Str:  4    XL:     7   Next: 9%
Magic:  0/17       EV: 12    Int: 25    God:
Gold:   197        SH:  6    Dex: 13    Spells: 6/17 levels left

rFire   + . .      SeeInvis .   m - staff of earth
rCold   + . .      Faith    .   q - +2 buckler {AC+3}
rNeg    . . .      Spirit   +   a - +0 robe
rPois   .          Reflect  .   (no helmet)
rElec   .          Harm     .   l - scarf {rC+ rF+}
rCorr   .          Rampage  .   (no gloves)
Will    .....                   (no boots)
Stlth   ++........              e - amulet of guardian spirit
HPRegen 0.12/turn               (no ring)
MPRegen 0.15/turn               (no ring)

@: no status effects
A: no striking features
a: no special abilities


You were on level 4 of the Dungeon.
You visited 2 branches of the dungeon, and saw 6 of its levels.

You collected 197 gold pieces.

Inventory:

Hand Weapons
 d - a +0 short sword
 w - a +5 scythe of freezing
Missiles
 p - 3 curare-tipped darts
Armour
 a - a +0 robe (worn)
 l - a scarf of resistance (worn)
 q - a +2 buckler of protection (worn)
Magical Staves
 m - a staff of earth (weapon)
Jewellery
 e - an amulet of guardian spirit (around neck)
 r - a +6 ring of intelligence
Scrolls
 c - a scroll of enchant armour {unknown}
 f - 3 scrolls of teleportation {unknown}
 g - 4 scrolls of identify {unknown}
 h - a scroll of blinking {unknown}
 n - a scroll of fear {unknown}
 s - a scroll of immolation {unknown}
 t - a scroll of silence {unknown}
 v - 2 scrolls of noise {unknown}
Potions
 b - a potion of magic
 i - a potion of flight {unknown}
 j - 2 potions of attraction {unknown}
 k - a potion of mutation {unknown}
 o - 2 potions of haste {unknown}
 u - a potion of curing {unknown}


   Skills:
 - Level 2.4 Dodging
 - Level 2.4 Stealth
 - Level 3.1 Shields
 - Level 5.7 Spellcasting
 * Level 7.2 Conjurations


You had 6 spell levels left.
You knew the following spells:

 Your Spells              Type           Power      Damage    Failure   Level
a - Magic Dart            Conj           100%       1d8       1%          1
b - Searing Ray           Conj           86%        2d7       1%          2
c - Fulminant Prism       Conj/Hex       12%        3d9       22%         4
d - Airstrike             Air            3%         N/A       69%         4

Your spell library contained the following spells:

 Spells                   Type           Power      Damage    Failure   Level
 Static Discharge         Conj/Air       25%        N/A       3%          2
 Dazzling Flash           Conj/Hex       50%        N/A       7%          3
 Corpse Rot               Necr/Air       14%        N/A       16%         2
 Poisonous Vapours        Pois/Air       14%        N/A       16%         2
 Iskenderun's Mystic Bla  Conj/Tloc      25%        2d7       22%         4
 Conjure Ball Lightning   Conj/Air       12%        3x3d6     98%         6
 Maxwell's Capacitive Co  Air            3%         ∞         100%        8


Dungeon Overview and Level Annotations

Branches:
Dungeon (5/15)             Temple (1/1) D:4

Altars:
Ashenzari
Cheibriados
Dithmenos
Elyvilon
Fedhas
Gozag
Hepliaklqana
Kikubaaqudgha
Qazlal
Sif Muna
Trog
Uskayaw
Wu Jian
Zin

Annotations:
D:5 Pikel


Message History

The magic dart hits the lemure but does no damage.
The lemure is almost dead.
The lemure barely misses you.
Unknown command.
Casting: Magic Dart (safe; 1% risk of failure)
Confirm with . or Enter, or press ? or * to list all spells.
Aiming: Magic Dart (safe; 1% risk of failure)
Press: ? - help, Shift-Dir - straight line, f/p - lemure
Aim: a lemure (almost dead, 100% to hit)
The magic dart hits the lemure.
The lemure is almost dead.
You block the lemure's attack.
Unknown command.
Unknown command.
The lemure attacks as you move away! The lemure barely misses you.
Casting: Magic Dart (safe; 1% risk of failure)
Confirm with . or Enter, or press ? or * to list all spells.
Aiming: Magic Dart (safe; 1% risk of failure)
Press: ? - help, Shift-Dir - straight line, f/p - lemure
Aim: a lemure (almost dead, 100% to hit)
The magic dart hits the lemure.
The lemure is almost dead.
The lemure hits you.
* * * LOW HITPOINT WARNING * * *
The lemure attacks as you move away! The lemure hits you.
* * * LOW HITPOINT WARNING * * *
The lemure attacks as you move away! You block the lemure's attack.
Casting: Magic Dart (safe; 1% risk of failure)
Confirm with . or Enter, or press ? or * to list all spells.
Aiming: Magic Dart (safe; 1% risk of failure)
Press: ? - help, Shift-Dir - straight line, f/p - lemure
Aim: a lemure (almost dead, 100% to hit)
The magic dart hits the lemure.
The lemure is almost dead.
The lemure closely misses you.
Unknown command.
The lemure attacks as you move away! You block the lemure's attack.
The lemure attacks as you move away! You block the lemure's attack.
The lemure attacks as you move away! The lemure hits you!
You die...

##.# ##.# ##.# ...#
#### ###########
..........#########
......#.........@.#
..........#######5#
.......#### ##...##
.......# #..#..#
..#...## #.###.#
..##.## #..#..#
...#.#######
##...##
#........).# ##.##
#..###.....# #.#


You could see a lemure.

Vanquished Creatures
  Sigmund (D:4)
  Menkaure (D:4)
  2 lemures (D:5)
  A scorpion (D:4)
  A hound (D:4)
  Jessica (D:2)
  An iguana (D:4)
  2 orc wizards (D:3)
  3 adders (D:3)
  A worm (D:3)
  A dart slug (D:1)
  4 orcs
  9 ball pythons
  4 bats
  7 endoplasms
  5 goblins
  4 hobgoblins
  3 jackals
  2 quokkas
  2 frilled lizards
  6 kobolds
  5 rats
66 creatures vanquished.

Notes
Turn   | Place    | Note
-------+----------+-------------------------------------------
     0 | D:1      | gruber the Deep Elf Conjurer began the quest for the Orb.
     0 | D:1      | Reached XP level 1. HP: 10/10 MP: 6/6
    73 | D:2      | Noticed Jessica
   387 | D:2      | Reached XP level 2. HP: 15/15 MP: 7/9
   842 | D:2      | Killed Jessica
   843 | D:2      | Reached skill level 5 in Spellcasting
   843 | D:2      | Reached XP level 3. HP: 19/19 MP: 5/11
  1430 | D:1      | Found a faded altar of an unknown god.
  2126 | D:2      | Learned a level 2 spell: Searing Ray
  2174 | D:3      | Got the Compendium of the Loofah
  2199 | D:3      | Reached XP level 4. HP: 24/24 MP: 11/13
  2324 | D:3      | Reached skill level 1 in Shields
  2672 | D:3      | Reached XP level 5. HP: 13/28 MP: 0/15
  3399 | D:4      | Found a staircase to the Ecumenical Temple.
  3473 | D:4      | Noticed Sigmund
  3483 | Temple   | Entered the Ecumenical Temple
  3571 | Temple   | Learned a level 4 spell: Fulminant Prism
  3576 | Temple   | Learned a level 4 spell: Airstrike
  3692 | D:4      | Killed Sigmund
  3693 | D:4      | Reached skill level 5 in Conjurations
  3693 | D:4      | Reached XP level 6. HP: 32/32 MP: 10/16
  3810 | D:4      | Reached skill level 6 in Conjurations
  3998 | D:4      | Found a white marble altar of Elyvilon.
  4246 | D:4      | Noticed Menkaure
  4253 | D:4      | Killed Menkaure
  4254 | D:4      | Reached skill level 7 in Conjurations
  4254 | D:4      | Reached XP level 7. HP: 26/36 MP: 4/17
  4486 | D:5      | Entered Level 5 of the Dungeon
  4488 | D:5      | Noticed Pikel
  4545 | D:4      | Slain by a lemure

Illustrated notes

Levels and vault maps discovered:
D:1:      lightli_arrival_noodles, layout_loops_ring,
          nicolae_ecumenical_snake_handling
D:2:      layout_loops_ring, uniq_jessica
D:3:      layout_rooms, hangedman_glass_teeth, serial_park_tiny_2
D:4:      layout_loops_cross, elyvilon_altar_1,
          minmay_temple_entry_statues_fountains, uniq_menkaure, uniq_sigmund
D:5:      layout_cave_pools, uniq_pikel, uniq_eustachio
Temple:   cyrus_circular_temple

Skill      XL: |  1  2  3  4  5  6 |
---------------+-------------------+-----
Spellcasting   | 4 5 |  5.7
Shields        | 2 3 |  3.1
Conjurations   | 5 7 |  7.2
Dodging        | |  2.4
Stealth        | |  2.4

Action                   |  1- 3 |  4- 6 |  7- 9 || total
-------------------------+-------+-------+-------++-------
Melee: Unarmed           |    14 |       |       ||    14
       Staff             |       |     6 |    11 ||    17
Throw: Dart              |       |     2 |       ||     2
 Cast: Magic Dart        |    67 |    49 |     6 ||   122
       Searing Ray       |       |    12 |     4 ||    16
 Stab: Distracted        |       |     1 |       ||     1
Armor: Robe              |    17 |     3 |     5 ||    25
Dodge: Dodged            |    42 |    11 |    15 ||    68
Block: Buckler           |       |     2 |    13 ||    15

Table legend: (Time is in decaauts)
 A = Elapsed time spent in this place.
 B = Non-inter-level travel time spent in this place.
 C = Inter-level travel time spent in this place.
 D = Time resting spent in this place.
 E = Time spent auto-exploring this place.
 F = Levels seen in this place.
 G = Mean time per level.
                   A        B        C        D        E       F      G
               +--------+--------+--------+--------+--------+-----+--------+
         Total |   4549 |   4399 |    150 |    100 |   3798 |   6 |  758.2 |
       Dungeon |   4347 |   4206 |    141 |      0 |   3724 |   5 |  869.4 |
        Temple |    201 |    192 |      9 |    100 |     74 |   1 |  201.0 |
               +--------+--------+--------+--------+--------+-----+--------+

Top non-repeatable levels by time:
     D:2: 1167 daAuts
     D:4: 1140 daAuts
     D:3: 1059 daAuts
     D:1: 968 daAuts
  Temple: 201 daAuts
     D:5: 11 daAuts
